 Dungeon Crawl Stone Soup version 0.29.1-15-g9cfb28693d (webtiles) character file.

Game seed: 15537179308884110273

2625 ThatPearl the Protected (level 9, -7/82 HPs)
             Began as a Minotaur Fighter on Mar 11, 2023.
             Killed from afar by Maggie (13 damage)
             ... with a bolt of fire
             ... on level 7 of the Dungeon.
             The game lasted 00:10:56 (5442 turns).

ThatPearl the Protected (Minotaur Fighter)          Turns: 5442, Time: 00:10:56

Health: -7/82      AC: 14    Str: 28    XL:     9   Next: 34%
Magic:  4/8        EV: 12    Int:  5    God:
Gold:   122        SH:  5    Dex: 13    Spells: 8/8 levels left

rFire   . . .      SeeInvis .   a - +0 war axe
rCold   . . .      Faith    .   c - +0 buckler
rNeg    . . .      Spirit   .   b - +0 scale mail
rPois   +          Reflect  .   (helmet restricted)
rElec   .          Harm     .   i - +1 cloak
rCorr   +          Rampage  .   B - +2 pair of gloves {infuse}
Will    +....                   (no boots)
Stlth   +.........              (no amulet)
HPRegen 0.23/turn               h - +6 ring of strength
MPRegen 0.11/turn               r - ring of Xom's Wantonness {rPois Will+ rCorr Stlth+}

@: mesmerised
A: horns 2, retaliatory headbutt
a: no special abilities


You were on level 7 of the Dungeon.
You visited 2 branches of the dungeon, and saw 8 of its levels.

You collected 264 gold pieces.
You spent 142 gold pieces at shops.

Inventory:

Hand Weapons
 a - a +0 war axe (weapon)
Missiles
 n - a throwing net (quivered)
 o - 49 stones
Armour
 b - a +0 scale mail (worn)
 c - a +0 buckler (worn)
 i - a +1 cloak (worn)
 p - a +0 plate armour
 B - a +2 pair of gloves of infusion (worn)
Jewellery
 h - a +6 ring of strength (left hand)
 r - the ring of Xom's Wantonness (right hand) {rPois Will+ rCorr Stlth+}
   (You found it on level 3 of the Dungeon)

   [ring of poison resistance]

   rPois:     It protects you from poison.
   rCorr:     It protects you from acid and corrosion.
   Will:      It increases your willpower.
   Stlth:     It makes you more stealthy.
Scrolls
 f - 2 scrolls of noise {unknown}
 j - a scroll of silence {unknown}
 k - 2 scrolls of fog {unknown}
 l - a scroll of acquirement {unknown}
 m - 2 scrolls of poison {unknown}
 q - a scroll of fear {unknown}
 s - 4 scrolls of enchant armour {unknown}
 t - a scroll of identify {unknown}
 u - 2 scrolls of brand weapon {unknown}
 v - 3 scrolls of teleportation {unknown}
 w - 2 scrolls of blinking {unknown}
 y - a scroll of amnesia {unknown}
 C - a scroll of magic mapping {unknown}
 H - a scroll of summoning {unknown}
 I - a scroll of immolation {unknown}
Potions
 d - 3 potions of might
 e - 4 potions of curing {unknown}
 g - 3 potions of attraction {unknown}
 x - 3 potions of haste {unknown}
 z - a potion of berserk rage {unknown}
 A - 2 potions of cancellation {unknown}
 D - a potion of mutation {unknown}
 E - 2 potions of magic {unknown}
 F - a potion of brilliance {unknown}
 G - a potion of invisibility {unknown}


   Skills:
 + Level 8.7 Fighting
 + Level 8.1 Axes
 + Level 8.7 Armour
 + Level 6.2 Dodging
 - Level 3.6 Shields


You had 8 spell levels left.
You didn't know any spells.
Your spell library contained the following spells:

 Spells                   Type           Power      Damage    Failure   Level
 Freeze                   Ice            0%         1d3       80%         1
 Sandblast                Erth           0%         2d4       80%         1
 Passwall                 Tmut/Erth      0%         N/A       90%         2
 Static Discharge         Conj/Air       0%         3-3/arc   90%         2
 Call Canine Familiar     Summ           0%         N/A       99%         3
 Conjure Flame            Conj/Fire      0%         6-21      99%         3
 Frozen Ramparts          Ice            0%         1d1       99%         3
 Ignite Poison            Fire/Tmut/Pois 0%         N/A       99%         3
 Portal Projectile        Hex/Tloc       0%         N/A       99%         3
 Stone Arrow              Conj/Erth      0%         3d7       99%         3
 Flame Wave               Conj/Fire      0%         2d4       100%        4
 Hailstorm                Conj/Ice       0%         3d3       100%        4
 Ice Form                 Ice/Tmut       0%         N/A       100%        4
 Leda's Liquefaction      Hex/Erth       0%         N/A       100%        4
 Sticky Flame             Conj/Fire      0%         2d3       100%        4
 Summon Ice Beast         Ice/Summ       0%         N/A       100%        4
 Lightning Bolt           Conj/Air       0%         1d11      100%        5
 Conjure Ball Lightning   Conj/Air       0%         3x3d6     100%        6
 Maxwell's Capacitive Co  Air            0%         ∞         100%        8


Dungeon Overview and Level Annotations

Branches:
Dungeon (7/15)             Temple (1/1) D:6

Altars:
Ashenzari
Dithmenos
Elyvilon
Fedhas
Gozag
Hepliaklqana
Kikubaaqudgha
Makhleb
Nemelex Xobeh
Qazlal
Ru
Trog
Uskayaw
Vehumet
Wu Jian
Xom

Shops:
D:4 *

Annotations:
D:7 Maggie


Innate Abilities, Weirdness & Mutations

You have a pair of horns on your head.
You reflexively headbutt those who attack you in melee.


Message History

A white imp comes into view.
The white imp shouts, "Run away, thou mewling tip-merry Cock-Lorel!"
Maggie gestures at you while chanting. The bolt of fire hits you!
You hear an angry hiss.
An iguana comes into view.
Found 7 stones.
Maggie barely misses you. You furiously retaliate!
You headbutt Maggie! You barely miss Maggie.
Maggie is lightly wounded.
Maggie casts a spell at you. The bolt of fire hits you!!
You barely miss Maggie.
Maggie is lightly wounded.
Maggie hits you with a +2 vorpal scimitar.
You hit Maggie.
Maggie is lightly wounded.
Maggie completely misses you.
You barely miss Maggie. You headbutt Maggie.
Maggie is lightly wounded.
Maggie hits you with a +2 vorpal scimitar.
You slash Maggie! Your headbutt misses Maggie.
Maggie is moderately wounded.
Maggie hits you with a +2 vorpal scimitar!
You hit Maggie. You headbutt Maggie, but do no damage.
Maggie is moderately wounded.
Maggie points at you and mumbles some strange words.
The bolt of fire hits you!!
* * * LOW HITPOINT WARNING * * *
You hit Maggie.
Maggie is moderately wounded.
Maggie hits you with a +2 vorpal scimitar.
* * * LOW HITPOINT WARNING * * *
x2 Maggie casts a spell.
Maggie draws you further into her thrall.
You barely miss Maggie.
Maggie is moderately wounded.
Maggie gestures at you while chanting. The bolt of fire hits you!
You die...

##########.......###
...................#
..##### ##........#
### #.........# ####
#.>......# †..##
###....###.#
....###....### #.#
.....##...## #.#
.........># #@#
..........# #@#
....##...## l5#
.....#..## ....
.......## .....
.......# .......
....#.....#........
.............(......
##.#...####..


You could see Maggie (mesmerising), an iguana and a white imp.

Vanquished Creatures
  Pikel (D:6)
  3 black bears
  3 ogres
  3 centaurs
  A phantom (D:4)
  3 bullfrogs
  3 necrophages (D:6)
  A howler monkey (D:6)
  9 hounds
  2 orc priests (D:6)
  A centaur zombie (D:6)
  4 jellies
  4 iguanas
  5 orc wizards
  4 gnolls (D:5)
  8 adders
  A shadow imp (D:6)
  A white imp (D:6)
  2 ufetubi
  A worm (D:3)
  A dart slug (D:2)
  8 orcs
  7 endoplasms
  A giant cockroach (D:1)
  9 hobgoblins
  7 jackals
  5 quokkas
  4 ball pythons
  6 bats
  5 frilled lizards
  11 goblins
  4 kobolds
  5 rats
133 creatures vanquished.

Vanquished Creatures (others)
  4 bushes (D:6)
  16 plants
20 creatures vanquished.

Grand Total: 153 creatures vanquished

Notes
Turn   | Place    | Note
-------+----------+-------------------------------------------
     0 | D:1      | ThatPearl the Minotaur Fighter began the quest for the Orb.
     0 | D:1      | Reached XP level 1. HP: 19/19 MP: 0/0
    97 | D:1      | Reached XP level 2. HP: 27/27 MP: 1/1
   662 | D:2      | Found a faded altar of an unknown god.
   914 | D:2      | Reached XP level 3. HP: 33/33 MP: 2/2
  1362 | D:3      | Identified the ring of Xom's Wantonness {rPois Will+ rCorr
                  | Stlth+}
  1532 | D:3      | Reached XP level 4. HP: 40/41 MP: 3/3
  1578 | D:3      | Got the Precepts of Called Conflict
  2024 | D:4      | Reached skill level 5 in Fighting
  2024 | D:4      | Reached skill level 5 in Armour
  2024 | D:4      | Reached XP level 5. HP: 47/48 MP: 4/4
  2106 | D:4      | Noticed a black bear
  2121 | D:4      | Killed a black bear
  2122 | D:4      | Reached skill level 1 in Dodging
  2123 | D:4      | Reached XP level 6. HP: 49/56 MP: 5/5
  2500 | D:4      | Reached skill level 5 in Axes
  2574 | D:4      | Found Qyethruff's Assorted Antiques.
  2578 | D:4      | Bought a pair of embroidered gloves for 142 gold pieces
  2734 | D:4      | Reached XP level 7. HP: 63/63 MP: 2/6
  2964 | D:5      | Entered Level 5 of the Dungeon
  3217 | D:5      | Reached XP level 8. HP: 43/71 MP: 0/7
  3610 | D:5      | Found an ornate altar of the Wu Jian Council.
  3853 | D:6      | Found an opulent altar of Gozag.
  3861 | D:6      | Found a staircase to the Ecumenical Temple.
  3948 | Temple   | Entered the Ecumenical Temple
  3972 | D:6      | Found a blossoming altar of Fedhas.
  4013 | D:6      | Found an ancient bone altar of Kikubaaqudgha.
  4536 | D:6      | Reached skill level 5 in Dodging
  4858 | D:6      | Noticed Pikel
  4863 | D:6      | Killed Pikel
  4864 | D:6      | Reached XP level 9. HP: 81/81 MP: 1/8
  5283 | D:7      | Found Lionail's Book Boutique.
  5430 | D:7      | Noticed Maggie
  5442 | D:7      | Killed from afar by Maggie

Illustrated notes

Levels and vault maps discovered:
D:1:      lemuel_arrival_behind_the_door_small, layout_rooms
D:2:      layout_basic, chequers_ecumenical_altar_grove, hex_medium,
          minmay_lizard_pond
D:3:      layout_rooms
D:4:      layout_rooms, serial_shops, nicolae_shop_trees, serial_forest,
          infiniplex_forest_clump_tiny, infiniplex_forest_end_2,
          infiniplex_forest_end_1, infiniplex_forest_end_double,
          infiniplex_forest_clump_medium, infiniplex_forest_corner_2,
          infiniplex_forest_end_1, infiniplex_forest_lined_room_2,
          infiniplex_forest_clump_double, reono_crystal_passage,
          kennysheep_small_spiral, kennysheep_generic_room_4
D:5:      layout_gridville, pdpol_wu_jian_five_deadly_venoms,
          grunt_decor_fettered, kennysheep_small_square
D:6:      layout_loops_corners, fedhas_altar_decomposition,
          mainiacjoe_overflow_24_doors, mainiacjoe_overflow_surrounded_room,
          minmay_temple_entry_junction, uniq_pikel
D:7:      minmay_skewed_foursquare, layout_rooms, serial_shops,
          nicolae_shop_statue_plus, uniq_maggie
Temple:   nicolae_temple_no_exploring_needed

Skill      XL: |  1  2  3  4  5  6  7  8  9 |
---------------+----------------------------+-----
Fighting       | 4 5 6 8 |  8.7
Armour         | 4 5 6 8 |  8.7
Axes           | 3 4 5 6 7 8 |  8.1
Dodging        | 1 2 4 5 6 |  6.2
Shields        | |  3.6

Action                   |  1- 3 |  4- 6 |  7- 9 || total
-------------------------+-------+-------+-------++-------
Melee: War axe           |    93 |    81 |   144 ||   318
       Headbutt          |     6 |    11 |    28 ||    45
Armor: Scale mail        |    48 |    44 |    77 ||   169
Dodge: Dodged            |    43 |    50 |    89 ||   182
Block: Buckler           |    16 |    20 |    35 ||    71
